 Dungeon Crawl Stone Soup version 0.26-a0-667-g92642533e4 (webtiles) character file.

Game seed: 6953076257219559401

704 zazu2006 the Magician (level 7, -3/57 HPs)
             Began as a Naga Hedge Wizard on Oct 17, 2020.
             Killed by divine providence
             ... invoked by an orc priest
              (11 damage)
             ... on level 4 of the Dungeon.
             The game lasted 00:06:39 (3387 turns).

zazu2006 the Magician (Naga Hedge Wizard)           Turns: 3387, Time: 00:06:40

Health: -3/57      AC:  4    Str: 13    XL:     7   Next: 67%
Magic:  0/15       EV:  9    Int: 16    God:
Gold:   126        SH:  0    Dex: 10    Spells: 8/17 levels left

rFire    . . .     SeeInvis +   t - +0 falchion
rCold    . . .     Faith    .   (no shield)
rNeg     . . .     Spirit   .   a - +0 leather armour
rPois    +         Reflect  .   g - +0 helmet
rElec    .         Harm     .   (no cloak)
rCorr    +         Rampage  .   (no gloves)
MR       .....                  (no barding)
Stlth    ++........             e - amulet of magic regeneration
HPRegen  0.19/turn              p - ring of resist corrosion
MPRegen  0.39/turn              (no ring)

@: lethally poisoned (-3 -> -4), very slightly contaminated, very slow
A: large, see invisible, deformed body, poison resistance, slowness 2, spit
poison 1, AC +2
a: Spit Poison


You were on level 4 of the Dungeon.
You visited 1 branch of the dungeon, and saw 4 of its levels.

You collected 126 gold pieces.

Inventory:

Hand Weapons
 t - a +0 falchion (weapon)
Armour
 a - a +0 leather armour (worn)
 g - a +0 helmet (worn)
Jewellery
 d - an uncursed amulet of the acrobat
 e - an amulet of magic regeneration (around neck)
 p - a ring of resist corrosion (left hand)
Wands
 r - a wand of disintegration (15)
Scrolls
 f - 2 scrolls of remove curse {unknown}
 h - a scroll of blinking {unknown}
 l - a scroll of fog {unknown}
 m - a scroll of enchant weapon {unknown}
 n - 4 scrolls of teleportation {unknown}
 q - a scroll of random uselessness {unknown}
 s - a scroll of enchant armour {unknown}
Potions
 b - a potion of brilliance {unknown}
 c - 3 potions of heal wounds
 i - a potion of might {unknown}
 j - 2 potions of haste {unknown}
 k - a potion of curing {unknown}
 o - a potion of resistance {unknown}


   Skills:
 + Level 1.2 Fighting
 + Level 1.9 Long Blades
 + Level 2.1 Dodging
 + Level 4.2 Stealth
 + Level 5.8 Spellcasting
 + Level 3.3 Conjurations
   Level 1.0 Summonings
 + Level 1.0 Translocations
 + Level 0.2 Air Magic
 * Level 3.8 Poison Magic


You had 8 spell levels left.
You knew the following spells:

 Your Spells              Type           Power        Failure   Level
a - Magic Dart            Conj           ###.         4%          1
b - Mephitic Cloud        Conj/Pois/Air  ##......     19%         3
c - Conjure Flame         Conj/Fire      #.......     26%         3
d - Blink                 Tloc           N/A          19%         2

Your spell library contained the following spells:

 Spells                   Type           Power        Failure   Level
 Call Imp                 Summ           #.......     19%         2
 Slow                     Hex            #.......     26%         2


Dungeon Overview and Level Annotations

Branches:
Dungeon (4/15)
 Temple: D:4-7

Altars:
Ashenzari


Innate Abilities, Weirdness & Mutations

You cannot wear boots.
Your serpentine skin is tough. (AC +2)
You have supernaturally acute eyesight. (SInv)
Armour fits poorly on your strangely shaped body.
Your system is resistant to poisons. (rPois)
You cover ground very slowly.
You can spit poison.


Message History

Casting: Mephitic Cloud (dangerous; 19% risk of failure)
Confirm with . or Enter, or press ? or * to list all spells.
Aiming: Mephitic Cloud (dangerous; 19% risk of failure)
Press: ? - help, Shift-Dir - straight line, f/p - orc wizard
Aim: an orc wizard, wielding a +0 dagger and wearing a +0 robe (heavily wounded, fast, confused)
The ball explodes into a vile cloud!
The stinking cloud engulfs the orc wizard but does no damage.
The orc wizard is heavily wounded.
The stinking cloud engulfs the orc but does no damage.
The stinking cloud engulfs the orc priest but does no damage.
The orc priest is moderately wounded.
The stinking cloud engulfs you but does no damage.
The orc hits you with a +3 mace.
* * * LOW HITPOINT WARNING * * *
The orc wizard is engulfed in noxious fumes.
The orc wizard appears confused.
The orc wizard barely misses the orc priest.
The orc priest invokes the aid of Beogh against you.
Beogh smites you!
You die...

#.......# #.......#
#.......# #.......#
#.......# #. #.# #.##o##
#.##oo# #.###@#
##########.###.##..
##.....#.....##..#.###
##...........>..........
#.................).....
#.............<.........
#.......................
#.......................
#....................###


You could see an orc priest, an orc wizard (fast, confused) and an orc.

Vanquished Creatures
  Grinder (D:3)
  A phantom (D:4)
  An ogre (D:4)
  A howler monkey (D:4)
  2 orc priests
  A hound (D:4)
  3 orc wizards
  An iguana (D:4)
  A worker ant (D:4)
  A gnoll (D:1)
  3 adders
  An ooze (D:3)
  A dart slug (D:1)
  6 orcs
  2 ball pythons (D:3)
  10 giant cockroaches
  6 goblins
  6 hobgoblins
  3 jackals (D:3)
  3 kobolds
  4 bats
  6 frilled lizards
  A leopard gecko skeleton (D:4)
  5 rats
70 creatures vanquished.

Notes
Turn   | Place    | Note
-------+----------+-------------------------------------------
     0 | D:1      | zazu2006 the Naga Hedge Wizard began the quest for the Orb.
     0 | D:1      | Reached XP level 1. HP: 15/15 MP: 4/4
   120 | D:1      | Reached XP level 2. HP: 22/22 MP: 3/6
   200 | D:1      | HP: 1/22 [giant cockroach (1)]
   562 | D:1      | Reached XP level 3. HP: 19/28 MP: 2/8
   567 | D:1      | Learned a level 3 spell: Mephitic Cloud
   571 | D:1      | Learned a level 3 spell: Conjure Flame
   574 | D:1      | Learned a level 2 spell: Blink
  1303 | D:2      | Reached skill level 4 in Spellcasting
  1752 | D:2      | Found a broken altar of Ashenzari.
  1778 | D:2      | Reached XP level 4. HP: 36/36 MP: 6/10
  1963 | D:3      | Noticed Grinder
  2002 | D:3      | Killed Grinder
  2002 | D:3      | Reached skill level 5 in Spellcasting
  2002 | D:3      | Reached XP level 5. HP: 42/43 MP: 10/12
  2002 | D:3      | Reached XP level 6. HP: 49/50 MP: 10/13
  2298 | D:3      | Reached skill level 1 in Long Blades
  2756 | D:4      | Reached XP level 7. HP: 27/56 MP: 12/15
  3023 | D:4      | Reached skill level 1 in Fighting
  3387 | D:4      | Killed from afar by an orc priest

Illustrated notes

Levels and vault maps discovered:
D:1:      dpeg_arrival_oval, layout_basic
D:2:      layout_basic, evilmike_ruin_ashenzari
D:3:      wad_pebble_path, layout_basic, uniq_grinder
D:4:      layout_rooms, serial_shops, shop

Skill      XL: |  1  2  3  4  5  6  7 |
---------------+----------------------+-----
Spellcasting   | 4 5 |  5.8
Dodging        | 2 |  2.1
Conjurations   | 2 3 |  3.3
Poison Magic   | 2 3 |  3.8
Long Blades    | 1 |  1.9
Fighting       | 1 |  1.2
Stealth        | 4 |  4.2
Summonings     | |  1.0
Translocations | |  1.0
Air Magic      | |  0.2

Action                   |  1- 3 |  4- 6 |  7- 9 || total
-------------------------+-------+-------+-------++-------
Melee: Dagger            |     2 |       |       ||     2
       Falchion          |       |    24 |    34 ||    58
 Cast: Magic Dart        |    67 |    55 |    25 ||   147
       Mephitic Cloud    |       |     3 |     4 ||     7
 Abil: Spit Poison       |    15 |    11 |     4 ||    30
Evoke: Wand              |       |     2 |       ||     2
  Use: Potion            |       |       |     1 ||     1
 Stab: Confused          |       |     4 |     2 ||     6
Armor: Robe              |     5 |     8 |       ||    13
       Leather armour    |       |     2 |     9 ||    11
Dodge: Dodged            |    10 |    26 |    21 ||    57
       Rpst.: Falchion   |       |     6 |    10 ||    16

Table legend: (Time is in decaauts)
 A = Elapsed time spent in this place.
 B = Non-inter-level travel time spent in this place.
 C = Inter-level travel time spent in this place.
 D = Time resting spent in this place.
 E = Time spent auto-exploring this place.
 F = Levels seen in this place.
 G = Mean time per level.
                   A        B        C        D        E       F      G
               +--------+--------+--------+--------+--------+-----+--------+
         Total |   4177 |   4082 |     95 |    457 |   3074 |   4 | 1044.2 |
       Dungeon |   4177 |   4082 |     95 |    457 |   3074 |   4 | 1044.2 |
               +--------+--------+--------+--------+--------+-----+--------+

Top non-repeatable levels by time:
     D:1: 1445 daAuts
     D:2: 1009 daAuts
     D:3: 956 daAuts
     D:4: 767 daAuts
